 Dungeon Crawl Stone Soup version 0.20.0-10-g0535bb4 (webtiles) character file.

5345 kuniqs the Thaumaturge (level 10, -4/60 HPs)
             Began as a Deep Elf Conjurer on June 5, 2017.
             Was a Believer of Sif Muna.
             Splashed by Maurice's acid (12 damage)
             ... on level 9 of the Dungeon on June 6, 2017.
             The game lasted 00:19:39 (9369 turns).

kuniqs the Thaumaturge (Deep Elf Conjurer)          Turns: 9369, Time: 00:19:40

Health: -4/60      AC:  5    Str:  5    XL:     10   Next: 38%
Magic:  14/26      EV: 15    Int: 24    God:    Sif Muna [**....]
Gold:   232        SH:  0    Dex: 15    Spells: 15/29 levels left

rFire    + . .     SeeInvis .   M - +2 quarterstaff (chaos)
rCold    . . .     Gourm    .   (shield currently unavailable)
rNeg     . . .     Faith    .   a - +0 robe
rPois    +         Spirit   .   P - +1 helmet
rElec    .         Reflect  .   x - +0 cloak
rCorr    .         Harm     .   (no gloves)
MR       +....                  (no boots)
Stlth    ++........             (no amulet)
Regen    0.2/turn               q - ring of poison resistance
MPRegen  0.2/turn               H - ring of protection from fire

@: drained
A: no striking features
a: Divine Energy, Renounce Religion


You were on level 9 of the Dungeon.
You worshipped Sif Muna.
Sif Muna was pleased with you.
You were not hungry.

You visited 2 branches of the dungeon, and saw 10 of its levels.
You also visited: Ossuary.

You collected 419 gold pieces.
You spent 187 gold pieces at shops.

Inventory:

Hand Weapons
 D - a +2 whip of flaming
 M - a +2 quarterstaff of chaos (weapon)
Missiles
 v - 3 throwing nets (quivered)
Armour
 a - a +0 robe (worn)
 x - a +0 cloak (worn)
 P - a +1 helmet (worn)
Jewellery
 o - an uncursed ring of protection from cold
 q - a ring of poison resistance (left hand)
 H - a ring of protection from fire (right hand)
Wands
 B - a wand of confusion (34/48)
 Q - a wand of acid (6/15)
Scrolls
 g - 2 scrolls of recharging {unknown}
 h - 8 scrolls of remove curse {unknown}
 j - 5 scrolls of teleportation {unknown}
 l - 2 scrolls of noise {unknown}
 n - a scroll of random uselessness {unknown}
 p - 5 scrolls of enchant armour {unknown}
 s - 5 scrolls of fog {unknown}
 t - 9 scrolls of identify {unknown}
 y - a scroll of fear {unknown}
 F - a scroll of enchant weapon {unknown}
 K - 2 scrolls of amnesia {unknown}
 N - a scroll of magic mapping {unknown}
 O - a scroll of blinking {unknown}
Potions
 c - 6 potions of curing {unknown}
 k - 4 potions of heal wounds {unknown}
 m - a potion of invisibility {unknown}
 r - 3 potions of berserk rage {unknown}
 u - 2 potions of flight {unknown}
 w - 3 potions of haste {unknown}
 z - 3 potions of mutation {unknown}
 A - a potion of cancellation {unknown}
 C - 2 potions of agility {unknown}
 I - 2 potions of magic {unknown}
 J - 2 potions of might {unknown}
Comestibles
 d - 8 bread rations
 e - 5 meat rations
 f - 3 fruits
 E - 4 royal jellies
 L - a chunk of flesh


   Skills:
 + Level 6.1(5.0) Fighting
 - Level 6.0(4.9) Dodging
 - Level 2.4(1.4) Stealth
 + Level 10.1(8.9) Spellcasting
 + Level 9.3(8.2) Conjurations
 + Level 9.4(8.2) Hexes


You had 15 spell levels left.
You knew the following spells:

 Your Spells              Type           Power        Failure   Level  Hunger
a - Magic Dart            Conj           ####         1%          1    None
b - Searing Ray           Conj           ######       1%          2    None
c - Dazzling Spray        Conj/Hex       ######       1%          3    None
d - Force Lance           Conj/Tloc      ####....     11%         4    ##.....
e - Fulminant Prism       Conj/Hex       ######....   1%          4    ##.....


Dungeon Overview and Level Annotations

Branches:
Dungeon (9/15)             Temple (1/1) D:5            Lair (0/6) D:8
    Orc: D:9-12

Altars:
Ashenzari
Cheibriados
Dithmenos
Elyvilon
Gozag
Hepliaklqana
Makhleb
Okawaru
Qazlal
Sif Muna
Uskayaw
Vehumet
Yredelemnul
The Shining One

Shops:
D:8 [

Annotations:
D:9 Maurice


Message History

Something steals your uncursed ring of fire!
You finish channeling your searing ray.
Something hits you.
Something steals your wand of acid (?/15)!
Casting: Searing Ray
Confirm with . or Enter, or press ? or * to list all spells.
Aiming: Fulminant Prism
Press: ? - help, Dir - move target cursor You conjure a prism of explosive energy!
Something hits you.
Something steals your book of Conjurations!
You hear a zap.
A bolt of acid appears from out of thin air!
The bolt of acid hits you!
You are splashed with acid!
The acid burns!
Your fulminant prism crackles loudly.
You hear a zap.
A bolt of acid appears from out of thin air!
The bolt of acid hits you!
* * * LOW HITPOINT WARNING * * *
You are splashed with acid!
The acid burns!
You die...

########+## #.......... ##+###
#.......... #####+# #....####
#..........# #...... #....'..#
#..@.......# #...... +....##.#
#..{.......# #......
#....##.###..........# #.<....
#....##..##...*......###......
#....###.##..........#.'......
#....# #..'..........'.#......
#)...# ####..........########+
#....# #########'## ###.##
####...#


You could see a friendly fulminant prism.

Vanquished Creatures
  2 death yaks (D:8)
  Pikel (D:5)
  The ghost of Fenrir042 the Covert, a novice SpEn of Dithmenos (D:7)
  Joseph (D:7)
  Grinder (D:5)
  A hippogriff (D:9)
  A yak (D:8)
  Duvessa (D:7)
  2 sky beasts
  2 phantoms
  6 ogres
  2 centaurs (D:8)
  3 bullfrogs
  2 scorpions
  Dowan (D:7)
  3 crimson imps
  3 centaur zombies
  A hound (D:4)
  An orc priest (D:6)
  A jelly (D:6)
  A gnoll shaman (D:4)
  A human zombie (Ossuary)
  Crazy Yiuf (D:7)
  2 centaur skeletons
  4 orc wizards
  6 worker ants
  3 ogre zombies (Ossuary)
  2 hound zombies (D:6)
  4 hound skeletons
  6 mummies (Ossuary)
  A howler monkey zombie (D:3)
  2 worker ant zombies (D:3)
  10 adders
  5 gnolls (D:4)
  2 shadow imps
  An ooze (D:2)
  4 adder zombies
  A worm (D:2)
  4 dart slugs
  3 leopard geckos
  20 orcs
  6 giant cockroaches
  5 goblins
  6 hobgoblins
  17 jackals
  15 kobolds
  4 quokkas
  3 ball pythons
  A ball python skeleton (D:3)
  7 bats
  5 frilled lizards
  A giant cockroach zombie (D:3)
  2 goblin zombies (Ossuary)
  2 leopard gecko skeletons (D:4)
  3 quokka zombies (Ossuary)
  9 rats
205 creatures vanquished.

Vanquished Creatures (others)
  An ogre (D:5)
  A worm (D:5)
  29 fulminant prisms
31 creatures vanquished.

Grand Total: 236 creatures vanquished

Notes
Turn   | Place    | Note
-------+----------+-------------------------------------------
     0 | D:1      | kuniqs the Deep Elf Conjurer began the quest for the Orb.
     0 | D:1      | Reached XP level 1. HP: 10/10 MP: 6/6
   215 | D:1      | Reached XP level 2. HP: 15/15 MP: 2/8
   307 | D:1      | Learned a level 2 spell: Searing Ray
   665 | D:1      | Reached skill level 1 in Fighting
   709 | D:1      | Reached XP level 3. HP: 19/20 MP: 7/10
   987 | D:2      | Found a burning altar of Makhleb.
  1219 | D:2      | Reached skill level 4 in Spellcasting
  1333 | D:2      | Reached XP level 4. HP: 25/25 MP: 7/12
  1338 | D:2      | Learned a level 3 spell: Dazzling Spray
  2076 | D:3      | Learned a level 4 spell: Force Lance
  2110 | D:3      | Found an iron altar of Okawaru.
  2205 | D:3      | Reached skill level 5 in Conjurations
  2271 | D:3      | Reached XP level 5. HP: 30/30 MP: 2/13
  2418 | D:3      | Reached skill level 1 in Hexes
  3213 | D:4      | Found a shattered altar of Ashenzari.
  3325 | D:4      | Reached XP level 6. HP: 26/35 MP: 9/14
  3495 | D:4      | Learned a level 4 spell: Fulminant Prism
  3888 | D:4      | Found a glowing golden altar of the Shining One.
  3940 | D:4      | Reached skill level 5 in Spellcasting
  4050 | D:4      | You fall through a shaft for 3 floors!
  4091 | D:6      | Reached XP level 7. HP: 40/40 MP: 11/16
  4191 | D:5      | Entered Level 5 of the Dungeon
  4197 | D:5      | Noticed Pikel
  4370 | D:4      | Reached skill level 5 in Dodging
  4435 | D:4      | Found a hazy altar of Hepliaklqana.
  4632 | D:5      | Killed Pikel
  4675 | D:5      | Noticed Grinder
  4683 | D:5      | Killed Grinder
  4683 | D:5      | Reached skill level 6 in Spellcasting
  4683 | D:5      | Reached XP level 8. HP: 39/46 MP: 8/19
  4852 | D:5      | Reached skill level 5 in Hexes
  4897 | D:5      | Found a stormy altar of Qazlal.
  5138 | D:5      | Found a staircase to the Ecumenical Temple.
  5147 | Temple   | Entered the Ecumenical Temple
  5170 | Temple   | Became a worshipper of Sif Muna the Loreminder
  5171 | Temple   | Fell from the grace of Sif Muna
  5172 | Temple   | Became a worshipper of Sif Muna the Loreminder
  5382 | D:6      | You fall through a shaft for 2 floors!
  5459 | D:8      | Reached skill level 7 in Spellcasting
  5511 | D:8      | Noticed a death yak
  5517 | D:8      | Noticed a death yak
  5521 | D:8      | Noticed a death yak
  5522 | D:8      | Killed a death yak
  5522 | D:8      | Reached * piety under Sif Muna
  5522 | D:8      | Reached XP level 9. HP: 52/52 MP: 7/22
  5545 | D:8      | Killed a death yak
  5545 | D:8      | Reached skill level 5 in Fighting
  5545 | D:8      | Reached skill level 8 in Spellcasting
  5812 | D:8      | Found a sand-covered staircase.
  5834 | Ossuary  | Entered an ossuary
  6328 | D:8      | Reached ** piety under Sif Muna
  6328 | D:8      | Reached skill level 9 in Spellcasting
  6362 | D:8      | Found a staircase to the Lair.
  6430 | D:7      | Noticed Dowan
  6432 | D:7      | Noticed Duvessa
  6435 | D:7      | Killed Dowan
  6443 | D:7      | Killed Duvessa
  6633 | D:7      | Found a snail-covered altar of Cheibriados.
  6636 | D:7      | Noticed Fenrir042's ghost (novice SpEn)
  6657 | D:7      | Killed Fenrir042's ghost
  6657 | D:7      | Reached XP level 10. HP: 51/60 MP: 16/25
  7143 | D:7      | Noticed Joseph
  7194 | D:7      | Killed Joseph
  7345 | D:7      | Found a runed door.
  7690 | D:7      | Noticed Crazy Yiuf
  7692 | D:7      | Killed Crazy Yiuf
  8048 | D:6      | Found an opulent altar of Gozag.
  8530 | D:8      | Found a white marble altar of Elyvilon.
  8927 | D:8      | Reached skill level 10 in Spellcasting
  9012 | D:8      | Found Hiokkuv's Antique Armour Shoppe.
  9015 | D:8      | Bought a glowing helmet for 187 gold pieces
  9280 | D:9      | Found a shadowy altar of Dithmenos.
  9359 | D:9      | Noticed Maurice
  9369 | D:9      | Splashed by Maurice's acid

Skill      XL: |  1  2  3  4  5  6  7  8  9 10 |
---------------+-------------------------------+-----
Fighting       | 1 2 3 4 5 6 |  6.1
Dodging        | 3 4 5 6 |  6.0
Spellcasting   | 4 5 6 7 9 10 | 10.1
Conjurations   | 5 6 7 8 9 |  9.3
Hexes          | 2 3 4 6 8 9 |  9.4
Stealth        | |  2.4

Action                   |  1- 3 |  4- 6 |  7- 9 | 10-12 || total
-------------------------+-------+-------+-------+-------++-------
Melee: Whip              |       |       |    12 |       ||    12
       Quarterstaff      |       |       |       |    46 ||    46
 Cast: Magic Dart        |    75 |    70 |    18 |    13 ||   176
       Searing Ray       |       |    37 |    45 |    19 ||   101
       Fulminant Prism   |       |     4 |    17 |     9 ||    30
Invok: Renounce Religion |       |       |     1 |       ||     1
 Stab: Sleeping          |       |       |     1 |     2 ||     3
       Paralysed         |       |       |       |     3 ||     3
       Distracted        |       |       |       |     1 ||     1
       Confused          |       |       |       |     1 ||     1
  Eat: Chunk             |     1 |     9 |     6 |     8 ||    24
       Royal jelly       |       |       |     2 |       ||     2
Armor: Robe              |     1 |     5 |     7 |    16 ||    29
Dodge: Dodged            |     4 |    23 |    48 |    64 ||   139
